 Dungeon Crawl Stone Soup version 0.32-a0-928-g1cae6b7ea0 (webtiles) character file.

Game seed: 15822267946946846878

1619 Autsider the Toxicologist (level 8, 0/76 HPs)
             Began as a Naga Alchemist on Apr 12, 2024.
             Slain by a gnoll sergeant
             ... wielding the +10 trident "Imuneadd" {elec, Int+3 Dex+3}
              (11 damage)
             ... on level 6 of the Dungeon.
             The game lasted 00:18:43 (7169 turns).

Autsider the Toxicologist (Naga Alchemist)          Turns: 7169, Time: 00:18:43

Health: 0/76       AC:  7    Str: 11    XL:     8   Next: 96%
Magic:  8/11       EV:  8    Int: 18    God:
Gold:   229        SH:  0    Dex: 11    Spells: 0/11 levels left

rFire   . . .        G - +2 hand axe (venom)
rCold   + . .        (no shield)
rNeg    . . .        B - +2 robe {Will+}
rPois   +            E - +0 helmet
rElec   .            w - +0 cloak
rCorr   .            (no gloves)
SInv    +            (no barding)
Will    ++...        (no amulet)
Stlth   ++           o - ring of protection from cold
HPRegen 0.32/turn    (no ring)
MPRegen 0.12/turn

%: no passive effects
@: weakened, very slightly contaminated, very slow
A: AC +2, large, see invisible, deformed body, poison resistance, slowness 2,
spit poison 1, naga tail 1
a: Spit Poison


You were on level 6 of the Dungeon.
You visited 1 branch of the dungeon, and saw 7 of its levels.

You collected 355 gold pieces.
You spent 126 gold pieces at shops.

Inventory:

Hand Weapons
 a - a +2 flail of protection
 h - a +0 short sword of holy wrath
 n - a +0 sling
 G - a +2 hand axe of venom (weapon)
Missiles
 t - 6 atropa-tipped darts
Armour
 v - the +2 scale mail of Moink {Will+ Int+3}
   (You found it on level 4 of the Dungeon)

   Int+3:     It affects your intelligence (+3).
   Will+:     It increases your willpower.
 w - a +0 cloak (worn)
 A - the +5 robe of Faqug {Harm Will+}
   (You found it on level 6 of the Dungeon)

   Will+:     It increases your willpower.
   Harm:      It increases damage dealt and taken.
 B - a +2 robe of willpower (worn)
 D - a scarf of repulsion
 E - a +0 helmet (worn)
 F - +0 steam dragon scales
Jewellery
 o - a ring of protection from cold (left hand)
Scrolls
 c - a scroll of acquirement {unknown}
 d - a scroll of silence
 e - a scroll of teleportation {@r2}
 f - a scroll of revelation
 i - a scroll of noise
 j - a scroll of butterflies
 m - a scroll of torment
 q - a scroll of brand weapon {unknown}
 r - a scroll of fog {unknown}
 s - a scroll of vulnerability {unknown}
 u - a scroll of poison {unknown}
 y - a scroll of enchant armour {unknown}
 C - a scroll of blinking
Potions
 g - 2 potions of might
 k - a potion of cancellation {unknown}
 l - a potion of enlightenment {unknown}
 p - 7 potions of curing {@q1}
 x - a potion of degeneration {unknown}
 z - a potion of heal wounds {unknown}


   Skills:
 + Level 6.2 Fighting
 - Level 1.5 Dodging
 - Level 3.0 Stealth
 - Level 2.0 Spellcasting
 - Level 1.0 Conjurations
 - Level 4.0 Translocations
 + Level 3.8 Fire Magic
 + Level 2.0 Air Magic
 + Level 8.4 Alchemy


You couldn't memorise any spells.
You knew the following spells:

 Your Spells              Type           Power      Damage    Failure   Level
a - Sting                 Conj/Alch      72%        1d7       2%          1
b - Olgreb's Toxic Radia  Alch           32%        N/A       5%          4
c - Sticky Flame          Fire/Alch      23%        2d6       14%         4
z - Blink                 Tloc           32%        N/A       5%          2

Your spell library contained the following spells:

 Spells                   Type           Power      Damage    Failure   Level
 Mercury Vapours          Alch/Air       40%        N/A       3%          2
 Maxwell's Portable Pile  Tloc           16%        2d(6-18)  11%         3
 Magic Dart               Conj           20%        1d4       12%         1
 Mephitic Cloud           Conj/Alch/Air  15%        N/A       12%         3
 Call Imp                 Summ           2%         N/A       26%         2
 Arcjolt                  Conj/Air       3%         1d13      95%         5
 Maxwell's Capacitive Co  Air            4%         ∞         100%        8


Dungeon Overview and Level Annotations

Branches:
Dungeon (7/15)
 Temple: D:4-7

Altars:
Xom

Shops:
D:5 ?

Annotations:
D:5 digging
D:6 1 transporter, exclusion: upstairs, DEFE's ghost, novice CoFi


Innate Abilities, Weirdness & Mutations

Your serpentine skin is tough. (AC +2)
You have supernaturally acute eyesight. (SInv)
Armour fits poorly on your strangely shaped body.
Your system is resistant to poisons. (rPois)
You cover ground very slowly.
You can spit poison.
You have a snake-like lower body.


Message History

You feel your attacks grow feeble. The gnoll completely misses you.
Casting: Olgreb's Toxic Radiance (dangerous; 6% risk of failure)
Confirm with . or Enter, or press ? or * to list all spells.
You miscast Olgreb's Toxic Radiance.
Nothing appears to happen.
You feel sick.
You are no longer poisoned.
The gnoll sergeant is no longer moving quickly.
The gnoll is no longer moving quickly.
The gnoll hits you with a +0 whip. Magic courses through your body.
You feel a bit more experienced.
You kill the gnoll bouda!
The gnoll sergeant hits you with a +0 dire flail!
* * * LOW HITPOINT WARNING * * *
The gnoll hits you with a +0 whip.
* * * LOW HITPOINT WARNING * * *
Your Air Magic skill increases to level 2!
Casting: Olgreb's Toxic Radiance (dangerous; 5% risk of failure)
Confirm with . or Enter, or press ? or * to list all spells.
You begin to radiate toxic energy.
The gnoll sergeant is poisoned.
The gnoll is poisoned. x4; The gnoll sergeant looks even sicker. x2
The gnoll looks even sicker. x2
The gnoll sergeant hits you from afar with the +10 trident "Imuneadd"!
* * * LOW HITPOINT WARNING * * *
The gnoll sergeant hits you with a +0 dire flail.
* * * LOW HITPOINT WARNING * * *
The gnoll hits you with a +0 whip.
* * * LOW HITPOINT WARNING * * *
The gnoll sergeant looks even sicker. x2; The gnoll is poisoned.
The gnoll looks as sick as possible!
The gnoll looks even sicker. x3
The gnoll is no longer moving quickly.
The gnoll sergeant looks as sick as possible!
The gnoll looks even sicker.
The gnoll looks as sick as possible!
The gnoll looks even sicker.
Your toxic aura wanes.
The gnoll sergeant is no longer moving quickly.
You kill the gnoll! x2
The gnoll sergeant attacks as it pursues you!
The gnoll sergeant hits you with a +0 dire flail.
* * * LOW HITPOINT WARNING * * *
The gnoll sergeant hits you from afar with the +10 trident "Imuneadd"!
You die...

.#.....©#g'gg.g)#©.~~....#...##..
.#......#.#ß⌠ß#g#..≈≈....#....#..
.#..≈≈.##.#####.##.≈≈....#....#..
.#..≈≈.#©.#):.#gg#.≈≈....#....#..
.#..≈≈.##.#...#W##.≈≈....#....#..
.##.≈≈..#.#...#.#..≈≈....######.#
#...≈≈###.##'##.###≈≈.......###.#
#...≈≈#......)g.g.#≈≈....[..#...'
'...≈≈##.###.###@##≈≈.......#...#
#.[.≈≈#..#ß###ß#..#≈≈.......#####
..#.≈≈####.....####≈≈.####.......
>.#.≈≈≈≈≈≈≈≈~≈≈≈≈≈≈≈≈....#.......
..#.≈≈≈≈≈≈≈≈~≈≈≈≈≈≈≈≈....#.......
..#......................+.......
..#########..............#.......
..# ###............#....... ..#
##############.......


You could see 2 gnoll sergeants, DEFE's ghost and 2 gnolls.

Vanquished Creatures
  A steam dragon (D:7)
  Edmund (D:6)
  A black bear (D:6)
  2 ogres
  A phantom (D:5)
  Blork the orc (D:6)
  A bullfrog (D:7)
  4 scorpions
  5 bombardier beetles
  2 jellies
  2 hounds
  A gnoll bouda (D:6)
  2 orc priests
  An iguana (D:5)
  5 adders
  12 gnolls
  A white imp (D:6)
  3 ribbon worms
  6 dart slugs
  12 orcs
  11 ball pythons
  4 bats
  7 endoplasms
  5 giant cockroaches
  5 goblins
  3 hobgoblins
  18 jackals
  8 kobolds
  3 quokkas
  3 frilled lizards (D:1)
  5 rats
136 creatures vanquished.

Notes
Turn   | Place    | Note
-------+----------+-------------------------------------------
     0 | D:1      | Autsider the Naga Alchemist began the quest for the Orb.
     0 | D:1      | Reached XP level 1. HP: 15/15 MP: 3/3
   170 | D:1      | Reached skill level 1 in Fighting
   170 | D:1      | Reached XP level 2. HP: 20/25 MP: 3/5
   171 | D:1      | Reached skill level 4 in Alchemy
   646 | D:1      | Reached XP level 3. HP: 31/31 MP: 3/6
  1599 | D:2      | Reached XP level 4. HP: 23/39 MP: 1/7
  1605 | D:2      | Learned a level 4 spell: Olgreb's Toxic Radiance
  1608 | D:2      | Learned a level 2 spell: Blink
  1962 | D:2      | Reached skill level 5 in Alchemy
  2679 | D:3      | Reached skill level 1 in Translocations
  2691 | D:3      | Found a shimmering altar of Xom.
  2856 | D:3      | Reached XP level 5. HP: 48/48 MP: 3/8
  3558 | D:4      | Reached XP level 6. HP: 56/56 MP: 7/9
  3666 | D:4      | Identified the +2 scale mail of Moink {Will+ Int+3}
  3700 | D:4      | Reached skill level 6 in Alchemy
  4179 | D:5      | Entered Level 5 of the Dungeon
  4189 | D:5      | Reached XP level 7. HP: 62/64 MP: 1/10
  5024 | D:6      | Identified the +10 trident "Imuneadd" {elec, Int+3 Dex+3}
  5024 | D:6      | Identified the +4 kite shield "Tuog" {Will+ Int+5}
  5065 | D:6      | Found a transporter.
  5083 | D:6      | Reached skill level 1 in Fire Magic
  5083 | D:6      | Reached skill level 7 in Alchemy
  5272 | D:6      | Reached skill level 5 in Fighting
  5272 | D:6      | Reached XP level 8. HP: 74/74 MP: 4/11
  5399 | D:6      | Identified the +5 robe of Faqug {Harm Will+}
  5530 | D:6      | Noticed Blork the orc
  5546 | D:6      | Killed Blork the orc
  5659 | D:6      | Noticed Edmund
  5673 | D:6      | Killed Edmund
  5764 | D:6      | Found a transporter.
  5774 | D:5      | Found Loopyu's Magic Scroll Emporium.
  5777 | D:5      | Bought a scroll of blinking for 82 gold pieces
  5777 | D:5      | Bought a scroll of identify for 22 gold pieces
  5777 | D:5      | Bought a scroll of identify for 22 gold pieces
  5833 | D:6      | Noticed DEFE's ghost (novice CoFi)
  6159 | D:5      | You fall into a shaft and drop 1 floor!
  6192 | D:5      | Learned a level 4 spell: Sticky Flame
  6591 | D:5      | Reached skill level 8 in Alchemy
  6844 | D:7      | Reached skill level 1 in Air Magic
  7169 | D:6      | Slain by a gnoll sergeant

Illustrated notes

Levels and vault maps discovered:
D:1:      dpeg_arrival_rhombi, layout_basic, roderic_roman_lattice,
          kennysheep_doodads
D:2:      layout_rooms
D:3:      layout_rooms, mainiacjoe_overflow_brackets
D:4:      layout_basic
D:5:      layout_basic, serial_glass, glass_columns_a, glass_columns_b,
          minmay_strange_pillars, due_unseen_surprise, feat_on_display,
          serial_shops, nicolae_take_the_stairs
D:6:      layout_gridville, gammafunk_ghost_gnarly_gnolls, uniq_edmund,
          uniq_blork_the_orc
D:7:      layout_basic, temple_hall_moat

Skill      XL: |  1  2  3  4  5  6  7  8 |
---------------+-------------------------+-----
Fighting       | 1 2 3 4 5 6 |  6.2
Alchemy        | 4 5 6 7 8 |  8.4
Translocations | 1 2 3 4 |  4.0
Fire Magic     | 1 3 |  3.8
Air Magic      | 2 |  2.0
Dodging        | |  1.5
Stealth        | |  3.0
Spellcasting   | |  2.0
Conjurations   | |  1.0

Action                     |  1- 3 |  4- 6 |  7- 9 || total
---------------------------+-------+-------+-------++-------
  Melee: Unarmed           |    22 |       |       ||    22
         Short sword       |    22 |   133 |   113 ||   268
         Flail             |       |       |    12 ||    12
         Hand axe          |       |       |     2 ||     2
   Cast: Sting             |    64 |    41 |    51 ||   156
         Olgreb's Toxic Ra |       |    15 |    20 ||    35
         Sticky Flame      |       |       |     2 ||     2
Ability: Spit Poison       |       |       |     2 ||     2
    Use: Scroll            |       |     2 |     7 ||     9
         Potion            |       |       |     1 ||     1
   Stab: Sleeping          |     3 |     2 |     1 ||     6
 Armour: Robe              |    43 |   113 |   163 ||   319
  Dodge: Dodged            |    35 |    81 |    95 ||   211

Table legend: (Time is in decaauts)
 A = Elapsed time spent in this place.
 B = Non-inter-level travel time spent in this place.
 C = Inter-level travel time spent in this place.
 D = Time resting spent in this place.
 E = Time spent auto-exploring this place.
 F = Levels seen in this place.
 G = Mean time per level.
                   A        B        C        D        E       F      G
               +--------+--------+--------+--------+--------+-----+--------+
         Total |   8486 |   8130 |    356 |    433 |   6398 |   7 | 1212.3 |
       Dungeon |   8486 |   8130 |    356 |    433 |   6398 |   7 | 1212.3 |
               +--------+--------+--------+--------+--------+-----+--------+

Top non-repeatable levels by time:
     D:1: 1770 daAuts
     D:6: 1610 daAuts
     D:5: 1444 daAuts
     D:4: 1294 daAuts
     D:2: 1169 daAuts
     D:3: 828 daAuts
     D:7: 368 daAuts
